 Dungeon Crawl Stone Soup version 0.28.0 (webtiles) character file.

Game seed: 7488985622522346858

5498 hikkokomori the Fighter (level 10, 0/139 HPs)
             Began as a Minotaur Fighter on Feb 6, 2022.
             Was a Priest of Okawaru.
             Slain by a deep troll (7 damage)
             ... on level 1 of the Orcish Mines.
             The game lasted 00:13:15 (7437 turns).

hikkokomori the Fighter (Minotaur Fighter)          Turns: 7437, Time: 00:13:16

Health: 0/139      AC: 11    Str: 25    XL:     10   Next: 42%
Magic:  10/12      EV: 12    Int: 13    God:    Okawaru [***...]
Gold:   508        SH:  7    Dex: 14    Spells: 9/9 levels left

rFire   . . .      SeeInvis .   k - +6 spear of Baleful Tender Mercy {spect, *Noise Int+8 Dex+4}
rCold   . . .      Faith    .   c - +0 buckler
rNeg    . . .      Spirit   .   b - +0 scale mail
rPois   .          Reflect  .   (helmet restricted)
rElec   .          Harm     .   (no cloak)
rCorr   .          Rampage  .   (no gloves)
Will    .....                   m - +0 pair of boots
Stlth   ..........              (no amulet)
HPRegen 0.33/turn               (no ring)
MPRegen 0.13/turn               (no ring)

@: berserking, heroic, very quick
A: horns 2, retaliatory headbutt
a: Renounce Religion, Heroism


You were on level 1 of the Orcish Mines.
You worshipped Okawaru.
Okawaru was most pleased with you.
You visited 3 branches of the dungeon, and saw 12 of its levels.

You collected 508 gold pieces.

Inventory:

Hand Weapons
 a - a +0 war axe
 k - the +6 spear of Baleful Tender Mercy (weapon) {spect, *Noise Int+8 Dex+4}
   (You found it on level 2 of the Dungeon)

   When its wielder attacks, the weapon's spirit leaps out and strikes again.
   The spirit shares a part of any damage it takes with its wielder.
   Int:       It affects your intelligence (+8).
   Dex:       It affects your dexterity (+4).
   *Noise:    It may make noises in combat.
 J - a +2 war axe of freezing
Armour
 b - a +0 scale mail (worn)
 c - a +0 buckler (worn)
 m - a +0 pair of boots (worn)
 H - +0 steam dragon scales
 K - a +0 troll leather armour
Jewellery
 v - an amulet of guardian spirit
 x - a ring of protection from fire
Wands
 i - a wand of mindburst (8)
 u - a wand of flame (25)
 D - a wand of acid (21)
 F - a wand of polymorph (13)
Scrolls
 f - 2 scrolls of vulnerability {unknown}
 j - a scroll of enchant weapon {unknown}
 l - a scroll of torment {unknown}
 n - 3 scrolls of acquirement {unknown}
 o - 2 scrolls of holy word {unknown}
 p - a scroll of amnesia {unknown}
 q - 2 scrolls of blinking {unknown}
 w - a scroll of magic mapping {unknown}
 y - a scroll of immolation {unknown}
 B - a scroll of fear {unknown}
 C - 2 scrolls of noise {unknown}
 G - a scroll of brand weapon {unknown}
Potions
 d - 2 potions of might
 e - 2 potions of mutation
 g - a potion of heal wounds
 h - 3 potions of attraction
 r - 2 potions of curing
 s - a potion of resistance
 z - 2 potions of lignification
 A - 4 potions of cancellation
 E - 2 potions of magic
 I - a potion of haste


   Skills:
 + Level 10.1(15.1) Fighting
 + Level 9.1(14.3) Axes
 - Level 2.7(11.4) Polearms
 + Level 10.1(15.1) Armour
 - Level 8.0(13.0) Shields
 + Level 4.9 Invocations


You had 9 spell levels left.
You didn't know any spells.
Your spell library was empty.

Dungeon Overview and Level Annotations

Branches:
Dungeon (9/15)             Temple (1/1) D:6             Orc (2/2) D:9
   Lair: D:8-11         Elf: Orc:2

Altars:
Ashenzari
Cheibriados
Dithmenos
Elyvilon
Fedhas
Gozag
Hepliaklqana
Kikubaaqudgha
Makhleb
Nemelex Xobeh
Okawaru
Qazlal
Ru
Sif Muna
Trog
Uskayaw
Vehumet
Wu Jian
Xom
Yredelemnul
Zin
The Shining One

Shops:
D:6 :


Innate Abilities, Weirdness & Mutations

You have a pair of horns on your head.
You reflexively headbutt those who attack you in melee.


Message History

You start resting.
HP restored.
You gain the combat prowess of a mighty hero.
You climb downwards.
You block the warg's attack.
A warg comes into view.
The warg barely misses you. You furiously retaliate!
You headbutt the warg! The deep troll bites you!! The deep troll claws you!
The deep troll claws you but does no damage.
The orc warrior hits you with a +0 mace!
The warg moves out of view.
There is a stone staircase leading up, spattered with blood here.
The warg pauses to sniff the ground.
The warg closely misses you.
The orc warrior hits you with a +0 mace!
The deep troll misses you. The deep troll claws you!
The deep troll claws you but does no damage.
The orc hits you with a +1 vorpal hand axe.
The orc priest looks encouraged for a moment.
The warg bites you but does no damage.
You climb upwards.
There is a stone staircase leading down here.
A red film seems to cover your vision as you go berserk!
You feel yourself moving faster!
You feel mighty!
The orc warrior hits you with a +0 mace.
* * * LOW HITPOINT WARNING * * *
The deep troll bites you.
* * * LOW HITPOINT WARNING * * *
The deep troll claws you!
* * * LOW HITPOINT WARNING * * *
The deep troll claws you!
* * * LOW HITPOINT WARNING * * *
You block the orc's attack. You block the warg's attack.
You puncture the orc!
You kill the orc!
Okawaru accepts your kill.
The orc warrior hits you with a +0 mace!
* * * LOW HITPOINT WARNING * * *
The deep troll closely misses you. You furiously retaliate!
You headbutt the deep troll!! The deep troll claws you!
You die...

##.....#...#
##........##
#####.........##
##..............#
#..............##
##.......#......#
##.#............##
#...........)...#
##.#.......T@h..#
##.<.......o[..#
##.......#....##
##........#....#
##..........#..##
##.#.............#
#...#............#
##..............##
##..............#


You could see a deep troll, a warg and an orc warrior.

Vanquished Creatures
  A two-headed ogre (D:8)
  A komodo dragon (D:6)
  A troll (D:9)
  A hornet (D:9)
  5 yaks (D:9)
  Sigmund (D:2)
  A wyvern (D:7)
  Menkaure (D:4)
  2 steam dragons (D:6)
  A water moccasin (D:8)
  A sky beast (D:5)
  A black bear (D:7)
  3 orc warriors
  4 ogres
  A centaur (D:8)
  A phantom (D:5)
  A kobold brigand (D:9)
  3 bullfrogs
  A wyvern zombie (D:7)
  2 scorpions (D:5)
  A water moccasin skeleton (D:5)
  5 killer bees (D:9)
  9 wights
  3 centaur zombies
  2 hounds
  2 orc priests
  3 jellies
  A bullfrog skeleton (D:5)
  Ijyb (D:3)
  4 orc wizards
  2 iguanas (D:5)
  A hound skeleton (D:3)
  A howler monkey zombie (D:9)
  6 adders
  A howler monkey skeleton (D:5)
  A white imp (D:5)
  2 ufetubi
  2 adder skeletons (D:4)
  2 worms
  2 dart slugs
  30 orcs
  10 endoplasms
  4 giant cockroaches
  8 goblins
  9 hobgoblins
  5 quokkas
  3 ball pythons
  8 bats
  A frilled lizard (D:2)
  10 kobolds
  4 rats
  A spectral kobold (D:1)
177 creatures vanquished.

Vanquished Creatures (others)
  15 plants
15 creatures vanquished.

Grand Total: 192 creatures vanquished

Notes
Turn   | Place    | Note
-------+----------+-------------------------------------------
     0 | D:1      | hikkokomori the Minotaur Fighter began the quest for the
                  | Orb.
     0 | D:1      | Reached XP level 1. HP: 19/19 MP: 0/0
   140 | D:1      | Reached XP level 2. HP: 26/27 MP: 1/1
   275 | D:1      | Found a faded altar of an unknown god.
   938 | D:2      | Reached XP level 3. HP: 33/33 MP: 2/2
  1017 | D:2      | Identified the +6 spear of Baleful Tender Mercy {spect,
                  | *Noise Int+8 Dex+4}
  1161 | D:2      | Noticed Sigmund
  1168 | D:2      | Killed Sigmund
  1169 | D:2      | Reached XP level 4. HP: 41/41 MP: 3/3
  1169 | D:2      | Reached XP level 5. HP: 47/47 MP: 4/4
  1240 | D:2      | Reached skill level 5 in Shields
  1534 | D:3      | Reached skill level 5 in Armour
  1576 | D:3      | Reached skill level 5 in Fighting
  1616 | D:3      | Noticed Ijyb
  1624 | D:3      | Killed Ijyb
  1696 | D:3      | Reached XP level 6. HP: 56/56 MP: 5/5
  1895 | D:3      | Found a shimmering blue altar of Sif Muna.
  1896 | D:3      | Found an ornate altar of the Wu Jian Council.
  2055 | D:4      | Noticed Menkaure
  2060 | D:4      | Killed Menkaure
  2590 | D:5      | Entered Level 5 of the Dungeon
  2674 | D:5      | Identified the +3 spear of Megyir {venom, *Corrode rPois
                  | MP+9}
  2707 | D:5      | Reached XP level 7. HP: 62/62 MP: 6/6
  3027 | D:5      | Reached skill level 5 in Axes
  3145 | D:5      | Reached XP level 8. HP: 71/71 MP: 7/7
  3446 | D:6      | Noticed a komodo dragon
  3451 | D:6      | Killed a komodo dragon
  3728 | D:6      | Found a staircase to the Ecumenical Temple.
  3737 | Temple   | Entered the Ecumenical Temple
  3829 | Temple   | Became a worshipper of Warmaster Okawaru
  4188 | D:6      | Found Hoonkaet's Book Shop.
  4244 | D:6      | Found a hazy altar of Hepliaklqana.
  4599 | D:7      | Reached XP level 9. HP: 62/81 MP: 8/8
  5063 | D:7      | Reached skill level 1 in Invocations
  5150 | D:7      | Reached * piety under Okawaru
  5413 | D:8      | Noticed a two-headed ogre
  5420 | D:8      | Killed a two-headed ogre
  6251 | D:9      | Noticed a troll
  6256 | D:9      | Killed a troll
  6256 | D:9      | Reached ** piety under Okawaru
  6257 | D:9      | Reached XP level 10. HP: 87/91 MP: 11/11
  6829 | D:9      | Found a staircase to the Orcish Mines.
  6834 | D:9      | Reached *** piety under Okawaru
  6876 | Orc:1    | Entered Level 1 of the Orcish Mines
  6984 | Orc:1    | Reached skill level 10 in Fighting
  7026 | Orc:2    | Entered Level 2 of the Orcish Mines
  7035 | Orc:2    | Noticed a deep troll
  7038 | Orc:1    | Reached skill level 10 in Armour
  7437 | Orc:1    | Slain by a deep troll

Illustrated notes

Levels and vault maps discovered:
D:1:      erik_arrival_cave_to_civilisation [erik_arrival_cave_to_hall],
          layout_loops_ring, dreamdust_ecumenical_altar_drowned_temple
D:2:      layout_basic, grunt_ministairs_13, uniq_sigmund
D:3:      layout_basic, gammafunk_temple_overflow_statue, uniq_ijyb
D:4:      layout_loops_ring, uniq_menkaure
D:5:      layout_loops_ring, minmay_misc_feat_enclosed, st_stairs_3,
          hangedman_abyss_or_decor_passed, serial_bayou_lagoon_b
D:6:      layout_basic, nicolae_hepliaklqana_hippocampus,
          minmay_temple_entry_gardened_gates, serial_shops, shop_statue,
          fountainhead
D:7:      layout_loops_ring, palyth_stone_intersect, kennysheep_flooded_box,
          serial_bayou_ford_a
D:8:      layout_cave_pools, special_room [special_room_orc],
          hangedman_decor_points
D:9:      minmay_bubble_buster, layout_basic, lair_entry_dummy, orc_0_dummy,
          minmay_shattered_shrine, uniq_gastronok
Temple:   mainiacjoe_temple_bowtie_tessellation
Orc:1:    layout_caves, serial_shops, nicolae_shop_advertising_works
          [nicolae_subvault_shop_adworks], nicolae_shop_waterfront
Orc:2:    st_orc_rangers, layout_caves, basic_altar, guppyfry_orc_lava_fort,
          uniq_jorgrun

Skill      XL: |  1  2  3  4  5  6  7  8  9 10 |
---------------+-------------------------------+-----
Armour         | 4 5 6 7 9 10 | 10.1
Shields        | 4 5 6 7 8 |  8.0
Fighting       | 4 5 6 7 9 10 | 10.1
Axes           | 3 4 5 6 8 9 |  9.1
Polearms       | 2 |  2.7
Invocations    | 3 4 |  4.9

Action                   |  1- 3 |  4- 6 |  7- 9 | 10-12 || total
-------------------------+-------+-------+-------+-------++-------
Melee: War axe           |    65 |       |       |       ||    65
       Headbutt          |    12 |     8 |    20 |    12 ||    52
       Spear             |    19 |    59 |   159 |    61 ||   298
Invok: Heroism           |       |       |     1 |     1 ||     2
  Use: Scroll            |       |       |     7 |     3 ||    10
       Potion            |       |       |     3 |     1 ||     4
 Stab: Distracted        |       |       |     3 |     1 ||     4
Armor: Scale mail        |    34 |     5 |    33 |    18 ||    90
Dodge: Dodged            |    39 |    11 |    38 |    12 ||   100
Block: Buckler           |    20 |     3 |    25 |    19 ||    67
